 Dungeon Crawl Stone Soup version 0.28.0 (webtiles) character file.

Game seed: 6835882129665858108

2968 Ajdolov the Cleaver (level 10, -1/77 HPs)
             Began as a Formicid Fighter on Feb 15, 2022.
             Was a Believer of Wu Jian.
             Slain by a two-headed ogre (12 damage)
             ... on level 7 of the Dungeon.
             The game lasted 00:17:09 (7960 turns).

Ajdolov the Cleaver (Formicid Fighter)              Turns: 7960, Time: 00:17:10

Health: -1/77      AC: 14    Str: 25    XL:     10   Next: 8%
Magic:  10/10      EV:  6    Int:  8    God:    Wu Jian [**....]
Gold:   365        SH:  4    Dex: 10    Spells: 9/9 levels left

rFire   . . .      SeeInvis +   a - +0 war axe
rCold   . . .      Faith    .   c - +0 buckler
rNeg    . . .      Spirit   .   g - +0 plate armour
rPois   .          Reflect  .   (helmet unavailable)
rElec   .          Harm     .   (no cloak)
rCorr   .          Rampage  .   z - +0 pair of gloves
Will    +....                   A - +0 pair of boots
Stlth   ..........              (no amulet)
HPRegen 0.22/turn               (no ring)
MPRegen 0.12/turn               (no ring)

@: no status effects
A: permanent stasis, dig shafts and tunnels, antennae 3, four strong arms
a: Dig, Shaft Self, Renounce Religion, Wall Jump


You were on level 7 of the Dungeon.
You worshipped Wu Jian.
Wu Jian was pleased with you.
You visited 2 branches of the dungeon, and saw 8 of its levels.
You also visited: Sewer.

You collected 365 gold pieces.

Inventory:

Hand Weapons
 a - a +0 war axe (weapon)
Missiles
 b - 15 poisoned darts (quivered)
Armour
 c - a +0 buckler (worn)
 g - a +0 plate armour (worn)
 z - a +0 pair of gloves (worn)
 A - a +0 pair of boots (worn)
Wands
 h - a wand of mindburst (8)
 p - a wand of digging (7)
 y - a wand of flame (33)
Scrolls
 e - 5 scrolls of identify {unknown}
 f - 2 scrolls of noise {unknown}
 j - a scroll of torment {unknown}
 l - a scroll of holy word {unknown}
 m - 3 scrolls of teleportation {unknown}
 n - 2 scrolls of enchant weapon {unknown}
 o - a scroll of blinking {unknown}
 q - 2 scrolls of vulnerability {unknown}
 t - a scroll of summoning {unknown}
 w - 2 scrolls of fear {unknown}
Potions
 d - 5 potions of flight
 i - a potion of mutation {unknown}
 k - 3 potions of curing
 r - a potion of attraction {unknown}
 s - a potion of degeneration {unknown}
 v - a potion of magic {unknown}
 x - a potion of lignification {unknown}


   Skills:
 * Level 6.3 Fighting
 - Level 12.0 Axes
 + Level 5.0 Armour
 - Level 3.6 Shields


You had 9 spell levels left.
You didn't know any spells.
Your spell library contained the following spells:

 Spells                   Type           Power      Damage    Failure   Level
 Foxfire                  Conj/Fire      0%         2x1d4     100%        1
 Scorch                   Fire           0%         2d5       100%        2
 Flame Wave               Conj/Fire      0%         2d4       100%        4
 Summon Cactus Giant      Summ           0%         N/A       100%        6


Dungeon Overview and Level Annotations

Branches:
Dungeon (7/15)             Temple (1/1) D:6           Sewer (visited)

Altars:
Ashenzari
Cheibriados
Dithmenos
Elyvilon
Fedhas
Gozag
Hepliaklqana
Kikubaaqudgha
Makhleb
Nemelex Xobeh
Okawaru
Qazlal
Ru
Sif Muna
Trog
Uskayaw
Vehumet
Wu Jian
Xom
Yredelemnul
Zin
The Shining One

Shops:
D:2 (


Innate Abilities, Weirdness & Mutations

You cannot be hasted, slowed, berserked, paralysed or teleported.
You can dig through walls and to a lower floor.
You have a pair of large antennae on your head. (SInv)
Your four strong arms can wield two-handed weapons with a shield.


Message History

The howler monkey is severely wounded.
You block the howler monkey's attack.
You slash the howler monkey!
You kill the howler monkey!
The Council accepts your kill.
No target in view!
Done exploring.
Done exploring.
You climb downwards.
There is a stone staircase leading up here.
A gnoll comes into view. It is wielding a +0 flail.
You spin and attack the two-headed ogre.
You hit the two-headed ogre.
The two-headed ogre is lightly wounded.
The two-headed ogre hits you with a +0 dire flail! x2 2 gnolls come into view.
The gnoll shouts! x2
The gnoll throws a throwing net.
The throwing net hits you.
You become entangled in the net!
You see here a throwing net.
You struggle against the net.
The gnoll hits you with a +0 flail.
The two-headed ogre hits you but does no damage. x2
You tear a large gash into the net.
The gnoll hits you with a +0 flail.
The two-headed ogre hits you but does no damage.
The two-headed ogre barely misses you.
You rip the net and break free!
The gnoll hits you with a +0 flail! The gnoll hits you but does no damage.
The gnoll throws a throwing net.
The throwing net hits you.
You become entangled in the net!
You tear a large gash into the net.
The two-headed ogre hits you but does no damage.
The two-headed ogre hits you with a +0 dire flail.
The gnoll hits you but does no damage. x2
You struggle against the net.
The gnoll hits you with a +0 flail.
The two-headed ogre hits you with a +0 dire flail!
* * * LOW HITPOINT WARNING * * *
The two-headed ogre barely misses you. The gnoll hits you but does no damage.
You shred the net and break free! The gnoll hits you but does no damage.
The gnoll closely misses you.
The two-headed ogre hits you with a +0 dire flail!
You die...

#..........#.........###.....
##........#.#.##.............#
#.......###...##........#....#
##......#.#....##......####...
#.............###.....#..)..)
##................#........)..
####..####.....gg...<#.....)O....
#..#.## #........O...#..##)<.....
...#..# #.......@g...............
#.>...###....[.........##........
..##...##........................
.##..#...............#...........
.....#...............##..........
..#.###..#........######.........
#........#.........# #.........
#............(....## #.#.......
....####....(.#...# ..


You could see a two-headed ogre and 3 gnolls.

Vanquished Creatures
  A troll (D:7)
  Sigmund (D:4)
  Eustachio (D:4)
  A steam dragon (D:7)
  Edmund (D:4)
  Duvessa (D:6)
  2 ice beasts
  2 sky beasts (D:6)
  A black bear (D:6)
  An ogre (D:5)
  2 phantoms (D:5)
  2 kobold brigands (Sewer)
  2 bullfrogs
  A scorpion (D:5)
  A wyvern skeleton (D:6)
  Dowan (D:6)
  3 howler monkeys
  2 bullfrog zombies
  A centaur zombie (D:6)
  3 orc priests
  A jelly (D:5)
  2 centaur skeletons
  Natasha (twice) (D:3)
  A bullfrog skeleton (D:5)
  A scorpion zombie (D:5)
  Ijyb (D:4)
  7 orc wizards
  2 hound skeletons (D:4)
  Robin (D:4)
  4 gnolls
  3 howler monkey skeletons
  2 river rats
  5 adders
  An adder skeleton (D:4)
  2 worms
  2 dart slugs (D:1)
  17 orcs
  13 ball pythons
  5 endoplasms (D:2)
  3 giant cockroaches
  21 goblins
  9 hobgoblins
  11 jackals
  10 kobolds
  3 quokkas
  5 bats
  5 frilled lizards
  15 rats
  A butterfly (D:6)
185 creatures vanquished.

Vanquished Creatures (others)
  A fungus (D:1)
  A plant (D:1)
2 creatures vanquished.

Grand Total: 187 creatures vanquished

Notes
Turn   | Place    | Note
-------+----------+-------------------------------------------
     0 | D:1      | Ajdolov the Formicid Fighter began the quest for the Orb.
     0 | D:1      | Reached XP level 1. HP: 18/18 MP: 1/1
    64 | D:1      | Found a faded altar of an unknown god.
    89 | D:1      | Reached XP level 2. HP: 24/24 MP: 2/2
    92 | D:1      | Got Plato's Disquisition on Confrontation
   144 | D:1      | Reached skill level 3 in Axes
   308 | D:1      | Reached XP level 3. HP: 29/29 MP: 3/3
   748 | D:2      | Reached skill level 4 in Axes
   748 | D:2      | Reached XP level 4. HP: 35/35 MP: 4/4
  1319 | D:2      | Identified the +2 short sword of Obsession {drain, rF+}
  1320 | D:2      | Found Cynk's Antique Weapon Emporium.
  1855 | D:3      | Noticed Natasha
  1987 | D:3      | Killed Natasha
  1988 | D:3      | Reached skill level 5 in Axes
  1988 | D:3      | Reached XP level 5. HP: 28/41 MP: 5/5
  2132 | D:3      | Found a glowing drain.
  2187 | Sewer    | Entered a sewer
  2335 | Sewer    | Noticed a kobold brigand
  2335 | Sewer    | Noticed a kobold brigand
  2359 | Sewer    | Killed a kobold brigand
  2360 | Sewer    | Reached skill level 6 in Axes
  2360 | Sewer    | Reached XP level 6. HP: 15/47 MP: 6/6
  2740 | Sewer    | Found a glowing silver altar of Zin.
  2935 | D:3      | Found a glowing golden altar of the Shining One.
  3043 | D:3      | Noticed Natasha
  3090 | D:3      | Killed Natasha
  3210 | D:3      | Found a basalt altar of Yredelemnul.
  3296 | D:4      | Noticed Edmund
  3348 | D:3      | Reached XP level 7. HP: 43/52 MP: 7/7
  3412 | D:4      | Reached skill level 7 in Axes
  3468 | D:4      | Noticed Eustachio
  3613 | D:4      | Killed Eustachio
  3911 | D:4      | Killed Edmund
  3912 | D:4      | Reached skill level 8 in Axes
  3945 | D:4      | You fall into a shaft and drop 2 floors!
  3967 | D:6      | Found a staircase to the Ecumenical Temple.
  3981 | D:6      | Reached XP level 8. HP: 39/58 MP: 8/8
  4121 | Temple   | Entered the Ecumenical Temple
  4280 | Temple   | Became a worshipper of the Wu Jian Council
  4334 | D:5      | Entered Level 5 of the Dungeon
  4357 | D:5      | Reached skill level 9 in Axes
  4705 | D:4      | Noticed Ijyb
  4737 | D:4      | Killed Ijyb
  4738 | D:4      | Reached skill level 10 in Axes
  4964 | D:4      | Noticed Sigmund
  4971 | D:4      | Killed Sigmund
  5065 | D:4      | Found a broken altar of Ashenzari.
  5132 | D:4      | Noticed Robin
  5145 | D:4      | Killed Robin
  5165 | D:4      | Reached * piety under Wu Jian
  5178 | D:4      | Reached XP level 9. HP: 39/64 MP: 9/9
  5519 | D:5      | Reached skill level 11 in Axes
  5652 | D:5      | Found a shadowy altar of Dithmenos.
  6236 | D:6      | Reached skill level 12 in Axes
  6676 | D:7      | Noticed a two-headed ogre
  7005 | D:7      | Reached ** piety under Wu Jian
  7184 | D:7      | Noticed a troll
  7200 | D:7      | Killed a troll
  7201 | D:7      | Reached skill level 5 in Fighting
  7589 | D:6      | Reached XP level 10. HP: 74/76 MP: 10/10
  7589 | D:6      | Noticed Dowan
  7615 | D:6      | Noticed Duvessa
  7633 | D:6      | Killed Duvessa
  7643 | D:6      | Killed Dowan
  7644 | D:6      | Reached skill level 5 in Armour
  7960 | D:7      | Slain by a two-headed ogre

Illustrated notes

Levels and vault maps discovered:
D:1:      dpeg_arrival_prison, layout_basic, shapermc_ecumenical_altar_rom_forum
D:2:      layout_loops_ring, serial_shops, shop, hangedman_feature_mirror
D:3:      layout_rooms, mainiacjoe_overflow_alcove_1,
          nicolae_tso_carved_into_rock, portal_sewer_entry_a,
          hangedman_decor_peaks_small, minmay_misc_feat_five, uniq_natasha
D:4:      layout_rooms, mainiacjoe_overflow_cross_hatched,
          minmay_tree_intersection, kennysheep_path_1, uniq_sigmund, uniq_robin,
          uniq_ijyb, uniq_edmund, uniq_eustachio
D:5:      layout_basic, grunt_dithmenos_shadows, amcnicky_mini_corridor_feature
D:6:      layout_gridville, minmay_temple_entry_butterflies, uniq_duvessa
D:7:      layout_cave_pools
Temple:   eino_narrow_crystal_temple

Skill      XL: |  1  2  3  4  5  6  7  8  9 10 |
---------------+-------------------------------+-----
Axes           | 3 4 5 6 8 10 12 | 12.0
Fighting       | 5 6 |  6.3
Armour         | 4 5 |  5.0
Shields        | |  3.6

Action                   |  1- 3 |  4- 6 |  7- 9 | 10-12 || total
-------------------------+-------+-------+-------+-------++-------
Melee: War axe           |    85 |   192 |   336 |    15 ||   628
       Unarmed           |       |     7 |       |       ||     7
Throw: Dart              |       |       |    13 |       ||    13
       Throwing net      |       |       |     1 |       ||     1
Invok: Lunge             |       |       |    13 |     2 ||    15
       Whirlwind         |       |       |    17 |     1 ||    18
 Abil: Dig               |     1 |       |       |       ||     1
Evoke: Wand              |       |       |     6 |       ||     6
  Use: Potion            |       |     4 |     3 |       ||     7
 Stab: Held in net/web   |       |       |     1 |       ||     1
Armor: Scale mail        |    44 |       |       |       ||    44
       Plate armour      |     5 |   121 |   194 |    12 ||   332
Dodge: Dodged            |    60 |    71 |    86 |     5 ||   222
Block: Buckler           |    22 |    55 |    69 |     3 ||   149
